 Dungeon Crawl Stone Soup version 0.23.2-33-g5129a83184 (webtiles) character file.

Game seed: 5964143619030885713

8364 TrebMcFLY the Arsonist (level 11, -6/61 (62) HPs)
             Began as a Deep Elf Fire Elementalist on July 14, 2019.
             Was an Elder of Vehumet.
             Mangled by a six-headed hydra (17 damage)
             ... on level 1 of the Lair of Beasts.
             The game lasted 01:02:40 (12998 turns).

TrebMcFLY the Arsonist (DEFE)                      Turns: 12998, Time: 01:02:41

HP:   -6/61 (62)    AC:  8    Str:  5    XL:     11   Next: 8%
MP:   11/25         EV: 20    Int: 24    God:    Vehumet [****..]
Gold: 743           SH:  0    Dex: 15    Spells: 2/27 levels left

rFire    . . .     SeeInvis .   J - +2 short sword (protect)
rCold    . . .     Gourm    .   (no shield)
rNeg     . . .     Faith    .   a - +0 robe
rPois    .         Spirit   .   H - +0 helmet
rElec    .         Reflect  .   B - +0 cloak
rCorr    .         Harm     .   P - +0 pair of gloves
MR       +....                  v - +1 pair of boots
Stlth    +++++.....             (no amulet)
HPRegen  0.20/turn              s - +5 ring of evasion
MPRegen  0.19/turn              o - ring of stealth

@: no status effects
A: no striking features
a: Renounce Religion


You were on level 1 of the Lair of Beasts.
You worshipped Vehumet.
Vehumet was greatly pleased with you.
You were not hungry.

You visited 3 branches of the dungeon, and saw 12 of its levels.
You also visited: Sewer and Ossuary.

You collected 818 gold pieces.
You spent 75 gold pieces at shops.

Inventory:

Hand Weapons
 i - a +2 whip of electrocution
 J - a +2 short sword of protection (weapon)
Armour
 a - a +0 robe (worn)
 b - a +0 shield
 v - a +1 pair of boots (worn)
 B - a +0 cloak (worn)
 H - a +0 helmet (worn)
 P - a +0 pair of gloves (worn)
Jewellery
 o - a ring of stealth (right hand)
 s - a +5 ring of evasion (left hand)
 N - an uncursed ring of magical power
Wands
 n - a wand of enslavement (2)
 t - a wand of flame (12)
 G - a wand of acid (6)
Scrolls
 e - 3 scrolls of amnesia
 k - 7 scrolls of teleportation
 l - 11 scrolls of identify
 m - 2 scrolls of enchant armour
 w - a scroll of blinking
 x - 3 scrolls of fog
 y - a scroll of fear
 z - 2 scrolls of random uselessness {unknown}
 A - 4 scrolls of remove curse
 C - a scroll of noise {unknown}
 E - 4 scrolls of immolation {unknown}
 F - 2 scrolls of enchant weapon
 I - a scroll of holy word {unknown}
 L - a scroll of acquirement {unknown}
 M - a scroll of vulnerability {unknown}
Potions
 d - 2 potions of magic
 f - 2 potions of lignification
 g - 2 potions of invisibility
 h - 4 potions of might
 j - 3 potions of berserk rage
 p - 3 potions of haste
 q - 5 potions of heal wounds
 r - 2 potions of mutation
 u - 8 potions of curing
 D - 2 potions of degeneration {unknown}
 K - a potion of brilliance {unknown}
 O - a potion of flight {unknown}
Comestibles
 c - 18 rations


   Skills:
 + Level 4.4 Fighting
 + Level 4.6 Armour
 + Level 5.3 Dodging
 - Level 8.2 Stealth
 - Level 4.0 Shields
 + Level 8.5 Spellcasting
 + Level 6.8 Conjurations
 - Level 2.0 Hexes
 + Level 10.1 Fire Magic
 * Level 1.4 Earth Magic


You had 2 spell levels left.
You knew the following spells:

 Your Spells              Type           Power        Failure   Level  Hunger
a - Flame Tongue          Conj/Fire      #####        1%          1    None
b - Throw Flame           Conj/Fire      ######       1%          2    None
c - Conjure Flame         Conj/Fire      ######..     1%          3    None
d - Sticky Flame          Conj/Fire      ######..     1%          4    ##.....
e - Fireball              Conj/Fire      ######....   1%          5    ####...
f - Bolt of Magma         Conj/Fire/Erth #####.....   4%          5    ####...
g - Dazzling Spray        Conj/Hex       ####..       1%          3    None
h - Searing Ray           Conj           #####.       1%          2    None

Your spell library contained the following spells:

 Spells                   Type           Power        Failure   Level  Hunger
 Inner Flame              Hex/Fire       #####...     1%          3    None


Dungeon Overview and Level Annotations

Branches:
Dungeon (10/15)            Temple (1/1) D:5            Lair (1/6) D:8
    Orc: D:9-12

Altars:
Ashenzari
Cheibriados
Dithmenos
Elyvilon
Fedhas
Gozag
Hepliaklqana
Kikubaaqudgha
Makhleb
Nemelex Xobeh
Okawaru
Qazlal
Ru
Sif Muna
Trog
Uskayaw
Vehumet
Wu Jian
Xom
Yredelemnul
Zin
The Shining One

Shops:
D:4 }   D:6 !   D:10 !

Annotations:
D:7 3 runed translucent doors, lepoulpe303's ghost, novice DsNe
D:10 Maurice


Message History

The six-headed hydra barely misses you.
Casting: Flame Tongue (safe; 1% risk of failure)
Confirm with . or Enter, or press ? or * to list all spells.
Aiming: Sticky Flame (safe; 1% risk of failure)
Press: ? - help, Shift-Dir - straight line, f/p - six-headed hydra
Aim: a six-headed hydra (severely wounded)
The sticky flame hits the six-headed hydra!
The six-headed hydra is severely wounded.
The six-headed hydra is covered in liquid flames!
The six-headed hydra burns!
The six-headed hydra barely misses you. The six-headed hydra bites you!
The six-headed hydra closely misses you.
The six-headed hydra bites you but does no damage.
The six-headed hydra bites you! The six-headed hydra barely misses you.
The six-headed hydra burns!
The six-headed hydra closely misses you.
The six-headed hydra bites you!
* * * LOW HITPOINT WARNING * * *
The six-headed hydra bites you!
You die...

..............#
.......#......##
...######......#
##.# #.....<##
.### #.......##
..# ##.......#
.## ##....(..##
P≈# #......D..##
≈♣# ###.....@..#
≈♣ #........##
≈# ##).......##
## #.........#
###########


You could see a six-headed hydra (burning).

Vanquished Creatures
  Pikel (D:4)
  A komodo dragon (Lair:1)
  Grinder (D:4)
  2 hippogriffs
  Sigmund (D:4)
  A spriggan (D:7)
  5 yaks
  A steam dragon (D:9)
  Menkaure (D:6)
  2 sky beasts
  3 porcupines
  4 water moccasins
  4 orc warriors
  A phantom (D:10)
  2 slaves (D:4)
  4 black bears
  5 necrophages (D:8)
  2 ogres (D:6)
  3 centaurs
  10 bullfrogs
  A gnoll sergeant (D:9)
  A water moccasin zombie (D:6)
  2 scorpions (D:8)
  8 killer bees
  An electric eel (Lair:1)
  5 howler monkeys
  4 bullfrog zombies
  6 crimson imps
  2 quasits (D:9)
  2 orc priests
  2 centaur zombies
  2 bullfrog skeletons
  4 hounds
  A jelly (D:8)
  10 orc wizards
  An iguana (D:10)
  Ijyb (D:4)
  6 worker ants
  A hound skeleton (D:9)
  9 mummies
  9 gnolls (D:9)
  20 adders
  6 river rats (Sewer)
  A shadow imp (D:8)
  An adder zombie (D:6)
  An ooze (D:2)
  An adder skeleton (D:8)
  5 worms
  5 dart slugs
  6 leopard geckos
  20 orcs
  6 ball pythons
  11 bats
  4 giant cockroaches
  2 gnoll zombies (Ossuary)
  12 goblins
  10 hobgoblins
  16 jackals
  11 kobolds
  3 quokkas
  9 frilled lizards
  A giant cockroach zombie (D:5)
  2 goblin zombies (D:7)
  A hobgoblin zombie (Ossuary)
  A jackal skeleton (D:6)
  A jackal zombie (D:5)
  A kobold zombie (Ossuary)
  4 orc zombies (Ossuary)
  A quokka skeleton (D:4)
  28 rats
322 creatures vanquished.

Vanquished Creatures (others)
  A bush (D:8)
  6 fungi
  13 plants
20 creatures vanquished.

Grand Total: 342 creatures vanquished

Notes
Turn   | Place    | Note
-------+----------+-------------------------------------------
     0 | D:1      | TrebMcFLY the Deep Elf Fire Elementalist began the quest
                  | for the Orb.
     0 | D:1      | Reached XP level 1. HP: 10/10 MP: 6/6
   141 | D:1      | Reached XP level 2. HP: 15/15 MP: 2/8
   151 | D:1      | Learned a level 2 spell: Throw Flame
   721 | D:1      | Reached XP level 3. HP: 19/19 MP: 6/9
  1028 | D:2      | Reached skill level 4 in Fire Magic
  1310 | D:1      | Learned a level 3 spell: Conjure Flame
  1657 | D:2      | Reached XP level 4. HP: 24/24 MP: 3/11
  1724 | D:2      | Learned a level 4 spell: Sticky Flame
  2586 | D:4      | Noticed Sigmund
  2655 | D:4      | Found Repucid's Gadget Shoppe.
  2656 | D:4      | Noticed a slave
  2865 | D:4      | Found a glowing drain.
  2873 | Sewer    | Entered a sewer
  2962 | Sewer    | HP: 1/24 [cloud of steam (11)]
  2979 | Sewer    | Reached XP level 5. HP: 4/28 MP: 8/13
  3475 | Sewer    | Reached skill level 5 in Fire Magic
  3836 | Sewer    | Reached XP level 6. HP: 32/32 MP: 8/14
  4160 | D:4      | Noticed an orc warrior
  4256 | D:4      | Found a stormy altar of Qazlal.
  4260 | D:4      | Found a sparkling altar of Nemelex Xobeh.
  4264 | D:4      | Killed Sigmund
  4264 | D:4      | Reached skill level 1 in Fighting
  4264 | D:4      | Reached skill level 1 in Armour
  4264 | D:4      | Reached skill level 1 in Shields
  4264 | D:4      | Reached skill level 5 in Spellcasting
  4264 | D:4      | Reached XP level 7. HP: 25/38 MP: 8/16
  4327 | D:4      | Found a shadowy altar of Dithmenos.
  4401 | D:4      | Learned a level 5 spell: Fireball
  4516 | D:4      | Noticed Ijyb
  4582 | D:4      | Killed Ijyb
  4708 | D:4      | Found a sacrificial altar of Ru.
  4871 | D:4      | Reached skill level 6 in Fire Magic
  5019 | D:4      | Reached skill level 5 in Stealth
  5256 | D:4      | Noticed Pikel
  5373 | D:4      | Noticed Grinder
  5542 | D:5      | Entered Level 5 of the Dungeon
  5841 | D:5      | Reached XP level 8. HP: 36/44 MP: 8/18
  5937 | D:5      | Found a staircase to the Ecumenical Temple.
  5952 | Temple   | Entered the Ecumenical Temple
  6093 | Temple   | Became a worshipper of Vehumet
  6360 | D:5      | Found a basalt altar of Yredelemnul.
  6706 | D:6      | Noticed Menkaure
  6752 | D:6      | Reached skill level 7 in Fire Magic
  7479 | D:6      | Killed Menkaure
  7583 | D:6      | Found Qetel's Distillery.
  7591 | D:6      | Bought a potion of heal wounds for 75 gold pieces
  7781 | D:7      | Found a sand-covered staircase.
  7809 | Ossuary  | Entered an ossuary
  7816 | Ossuary  | Reached * piety under Vehumet
  7816 | Ossuary  | Offered knowledge of Shock by Vehumet.
  7867 | Ossuary  | Reached XP level 9. HP: 32/49 MP: 7/20
  8371 | D:7      | Found a runed translucent gate.
  8371 | D:7      | Found a runed translucent gate.
  8372 | D:7      | Found a runed translucent gate.
  8372 | D:7      | Noticed lepoulpe303's ghost (novice DsNe)
  8398 | D:7      | Reached skill level 8 in Fire Magic
  8529 | D:7      | Reached ** piety under Vehumet
  8529 | D:7      | Offered knowledge of Searing Ray by Vehumet.
  8550 | D:7      | Reached skill level 5 in Conjurations
  8562 | D:7      | Learned a level 2 spell: Searing Ray
  8805 | D:8      | Found a blossoming altar of Fedhas.
  9467 | D:8      | Found an ornate altar of the Wu Jian Council.
  9678 | D:8      | Found a staircase to the Lair.
  9706 | D:8      | Offered knowledge of Dazzling Spray by Vehumet.
  9706 | D:8      | Reached XP level 10. HP: 56/56 MP: 10/23
  9728 | D:8      | Reached skill level 9 in Fire Magic
 10023 | D:8      | Learned a level 3 spell: Dazzling Spray
 10096 | D:9      | Reached *** piety under Vehumet
 10629 | D:9      | Offered knowledge of Ignite Poison by Vehumet.
 10639 | D:9      | Found a hide-covered altar of Uskayaw.
 11402 | D:10     | Entered Level 10 of the Dungeon
 11507 | D:10     | Found Zoes's Distillery.
 11857 | D:10     | Noticed Maurice
 11958 | D:8      | Reached **** piety under Vehumet
 11963 | D:8      | Reached skill level 1 in Hexes
 12070 | Lair:1   | Entered Level 1 of the Lair of Beasts
 12119 | D:8      | Reached skill level 5 in Dodging
 12228 | Lair:1   | Reached skill level 10 in Fire Magic
 12452 | Lair:1   | Noticed an eight-headed hydra
 12517 | Lair:1   | Noticed a six-headed hydra
 12524 | Lair:1   | Offered knowledge of Bolt of Magma by Vehumet.
 12567 | D:8      | Learned a level 5 spell: Bolt of Magma
 12688 | D:4      | Killed Pikel
 12688 | D:4      | Reached skill level 1 in Earth Magic
 12688 | D:4      | Reached XP level 11. HP: 61/61 MP: 8/25
 12818 | D:4      | Killed Grinder
 12998 | Lair:1   | Mangled by a six-headed hydra

Skill      XL: |  1  2  3  4  5  6  7  8  9 10 |
---------------+-------------------------------+-----
Stealth        | 3 4 5 6 7 8 |  8.2
Fire Magic     | 4 5 6 7 8 10 | 10.1
Conjurations   | 2 3 4 5 6 |  6.8
Spellcasting   | 4 5 6 7 8 |  8.5
Fighting       | 1 2 3 4 |  4.4
Armour         | 1 2 3 4 |  4.6
Shields        | 1 2 3 4 |  4.0
Dodging        | 3 5 |  5.3
Hexes          | 2 |  2.0
Earth Magic    | 1 |  1.4

Action                   |  1- 3 |  4- 6 |  7- 9 | 10-12 || total
-------------------------+-------+-------+-------+-------++-------
Melee: Whip              |     6 |     5 |    74 |    17 ||   102
       Short sword       |       |       |       |    52 ||    52
 Cast: Flame Tongue      |    48 |    43 |   177 |   114 ||   382
       Throw Flame       |    20 |    56 |    79 |    37 ||   192
       Conjure Flame     |     1 |       |     1 |     1 ||     3
       Sticky Flame      |       |     4 |    29 |    39 ||    72
       Fireball          |       |       |     2 |     7 ||     9
       Searing Ray       |       |       |     4 |     1 ||     5
       Bolt of Magma     |       |       |       |     4 ||     4
  Use: Scroll            |       |     8 |     4 |     4 ||    16
       Potion            |       |       |     1 |     1 ||     2
  Eat: Chunk             |     3 |     6 |    17 |    13 ||    39
       Ration            |       |     1 |     1 |     1 ||     3
Armor: Robe              |     9 |     1 |    25 |    26 ||    61
Dodge: Dodged            |    16 |    39 |   133 |   145 ||   333
